 Dungeon Crawl Stone Soup version 0.30-b1-2-g02819fbbbe (webtiles) character file.

Game seed: 14331782413469480137

0 Alarkh the Grasshopper (level 1, 0/16 HPs)
             Began as a Demonspawn Warper on May 25, 2023.
             Slain by a hobgoblin (2 damage)
             ... on level 1 of the Dungeon.
             The game lasted 00:00:12 (53 turns).

Alarkh the Grasshopper (Demonspawn Warper)            Turns: 53, Time: 00:00:13

Health: 0/16       AC:  3    Str: 11    XL:     1   Next: 8%
Magic:  3/3        EV: 11    Int: 14    God:
Gold:   9          SH:  0    Dex: 12    Spells: 4/4 levels left

rFire   . .          .
                       - Unarmed
rCold   . . .        (no shield)
rNeg    . . .        a - +0 leather armour
rPois   .            (no helmet)
rElec   .            (no cloak)
rCorr   .            (no gloves)
SInv    .            (no boots)
Will    .....        (no amulet)
Stlth   +            (no ring)
HPRegen 0.22/turn    (no ring)
MPRegen 0.08/turn

%: no passive effects
@: no status effects
A: no striking features
a: no special abilities


You were on level 1 of the Dungeon.
You visited 1 branch of the dungeon, and saw 1 of its levels.

You collected 9 gold pieces.

Inventory:

Missiles
 c - 5 boomerangs of dispersal (quivered)
Armour
 a - a +0 leather armour (worn)
Scrolls
 b - a scroll of blinking


   Skills:
 - Level 2.0 Fighting
 - Level 0.8 Throwing
 - Level 0.8 Armour
 - Level 1.7 Dodging
 + Level 1.8 Unarmed Combat
 - Level 2.0 Spellcasting
 - Level 2.6 Translocations


You had 4 spell levels left.
You didn't know any spells.
Your spell library contained the following spells:

 Spells                   Type           Power      Damage    Failure   Level
 Blink                    Tloc           16%        N/A       16%         2
 Lesser Beckoning         Tloc           16%        N/A       16%         2
 Teleport Other           Tloc           8%         N/A       30%         3
 Vhi's Electric Charge    Tloc/Air       10%        N/A       47%         3
 Manifold Assault         Tloc           8%         N/A       71%         4


Dungeon Overview and Level Annotations

Branches:
Dungeon (1/15)

Altars:


Message History

The hobgoblin hits you.
You closely miss the hobgoblin.
The kobold hits you with a +0 short sword.
The hobgoblin completely misses you.
You are too injured to fight recklessly!
You are too injured to fight recklessly!
You are too injured to fight recklessly!
You are too injured to fight recklessly!
You are too injured to fight recklessly!
You are too injured to fight recklessly!
You are too injured to fight recklessly!
You are too injured to fight recklessly!
You are too injured to fight recklessly!
You are too injured to fight recklessly!
The kobold attacks as you move away!
The kobold hits you with a +0 short sword.
You aren't carrying any potions.
You barely miss the kobold.
The kobold hits you with a +0 short sword.
* * * LOW HITPOINT WARNING * * *
You closely miss the kobold. The kobold closely misses you.
You hit the kobold but do no damage.
The kobold hits you with a +0 short sword.
* * * LOW HITPOINT WARNING * * *
You barely miss the kobold. The kobold closely misses you.
Okay, then.
Throw: 7 boomerangs (disperse)
Press: ? - help, Q - select action Shift-Dir - straight line, f - kobold
Aim: a kobold, wielding a +0 short sword (50% to hit)
You throw a boomerang of dispersal.
The boomerang of dispersal hits the kobold and shatters for extra damage.
The kobold blinks!
You kill the kobold!
Throw: 6 boomerangs (disperse)
Press: ? - help, Q - select action Shift-Dir - straight line, f - hobgoblin
Aim: a hobgoblin (57% to hit)
You throw a boomerang of dispersal.
The boomerang of dispersal completely misses the hobgoblin.
The hobgoblin closely misses you. The hobgoblin hits you.
You die...

#...... #......
#......## #........
############# #.......#
#≈≈≈≈≈≈≈≈≈≈≈≈
#.......####≈≈≈≈≈≈≈≈≈≈≈≈
#......>...#≈≈≈~≈~≈≈≈~≈≈
# #g# #≈≈≈~~~~~~≈≈≈
#.#@##.#≈≈≈~~...~~≈≈
#.#?...#~~~~..<..~~~
#.[.####≈≈≈~~...~~~≈
###.# #≈≈≈≈~~~~~~≈≈ #.#
#≈≈≈≈~~~~≈≈≈≈ #)#
#≈≈≈≈~~~~~≈≈≈ #.#
#≈≈≈~~≈~≈~~≈≈ #.#
#≈≈≈≈~≈~≈~~≈≈ #.#
#≈≈≈~~≈~≈~~≈≈


You could see a hobgoblin.

Vanquished Creatures
  A kobold (D:1)
1 creature vanquished.

Notes
Turn   | Place    | Note
-------+----------+-------------------------------------------
     0 | D:1      | Alarkh the Demonspawn Warper began the quest for the Orb.
     0 | D:1      | Reached XP level 1. HP: 16/16 MP: 3/3
    53 | D:1      | Slain by a hobgoblin

Illustrated notes

Levels and vault maps discovered:
D:1:      zaba_arrival_water, layout_basic, minmay_small_reverse_x

Action                     || total
---------------------------++-------
  Melee: Unarmed           ||     7
  Throw: Boomerang         ||     2
  Dodge: Dodged            ||     5
